PAAA
BATON ROUGE BRASS @ ALASKAN HUMPBACKS
08/19/2042
 
TOP OF THE 1ST
Baton Rouge Brass batting - Pitching for Alaskan Humpbacks : RHP Javier Montés
Pitching: RHP Javier Montés
Batting: LHB Dave Summers 0-0: Swinging Strike
0-1: Foul Ball, location: 2F
0-2: Ball
1-2: Foul Ball, location: 2F
1-2: Foul Ball, location: 2F
1-2: Foul Ball, location: 2F
1-2: Ball
2-2: Ground out 1-3 (Groundball, P, EV 64.4 MPH)
Batting: RHB Nick Boyd 0-0: Ball
1-0: Foul Ball, location: 2F
1-1: Ball
2-1: Swinging Strike
2-2: Foul Ball, location: 2F
2-2: Ball
3-2: Base on Balls
Batting: SHB Alex Warner 0-0: Ball
1-0: Ball
2-0: Called Strike
2-1: Ball
3-1: 2-RUN HOME RUN (Flyball, 8LXD, EV 88.1 MPH), Distance : 441 ft
Batting: SHB Charles Geudre 0-0: Ball
1-0: Ball
2-0: Called Strike
2-1: Fly out, F9 (Flyball, 9LD, EV 103.1 MPH)
Batting: LHB Stephen Goldobenko 0-0: Ball
1-0: Ball
2-0: Called Strike
2-1: Foul Ball, location: 2F
2-2: Ground out 4-3 (Groundball, 4, EV 110.6 MPH)
Top of the 1st over - 2 runs, 1 hit, 0 errors, 0 left on base; Baton Rouge 2 - Alaskan 0
BOTTOM OF THE 1ST
Alaskan Humpbacks batting - Pitching for Baton Rouge Brass : RHP Labeeb bin Muneer
Pitching: RHP Labeeb bin Muneer
Batting: LHB Teng Xuefeng 0-0: Ground out 4-3 (Groundball, 4, EV 87.5 MPH)
Batting: LHB Marc Hayman 0-0: Ground out 6-3 (Groundball, 6, EV 84.4 MPH)
Batting: LHB Roberts Hamhock 0-0: Ball
1-0: Ball
2-0: Ball
3-0: Base on Balls
Batting: LHB Carlos Castro 0-0: Ball
1-0: Ball
2-0: Called Strike
2-1: Foul Ball, location: 2F
2-2: Strikes out looking
Bottom of the 1st over - 0 runs, 0 hits, 0 errors, 1 left on base; Baton Rouge 2 - Alaskan 0
TOP OF THE 2ND
Baton Rouge Brass batting - Pitching for Alaskan Humpbacks : RHP Javier Montés
Batting: RHB Jamy Geertsen 0-0: Foul Ball, location: 2F
0-1: Foul Ball, location: 2F
0-2: SINGLE (Line Drive, 6D, EV 95.6 MPH)
Batting: RHB Tim O'Brian 0-0: Called Strike
0-1: Foul Ball, location: 2F
0-2: Strikes out swinging
Batting: RHB Travis Murphy 0-0: 2-RUN HOME RUN (Flyball, 7D, EV 110.0 MPH), Distance : 390 ft
Batting: RHB Emery Nelson 0-0: Ball
1-0: Fly out, F8 (Flyball, 8RM, EV 90.0 MPH)
Batting: LHB Dave Summers 0-0: Ball
1-0: Ball
2-0: Ball
3-0: Called Strike
3-1: Fly out, F8 (Flyball, 8RXD, EV 100.0 MPH)
Top of the 2nd over - 2 runs, 2 hits, 0 errors, 0 left on base; Baton Rouge 4 - Alaskan 0
BOTTOM OF THE 2ND
Alaskan Humpbacks batting - Pitching for Baton Rouge Brass : RHP Labeeb bin Muneer
Batting: RHB Yehonatan Chazan 0-0: Ball
1-0: Ball
2-0: Ball
3-0: Base on Balls
Batting: LHB Roberto Baca 0-0: Ball
Wild Pitch!
Yehonatan Chazan to second
1-0: Ball
2-0: Fly out, F9 (Line Drive, 9D, EV 89.4 MPH)
Runner from 2nd tags up, SAFE at 3rd, no throw by RF
Batting: RHB Domingo Altamiraño 0-0: Called Strike
0-1: Fly out, F8 (Flyball, 78S, EV 75.6 MPH)
Runner from 3rd tags up, SCORES, throw by CF
Batting: RHB Bobby McFillin 0-0: Called Strike
0-1: Called Strike
0-2: Strikes out swinging
Bottom of the 2nd over - 1 run, 0 hits, 0 errors, 0 left on base; Baton Rouge 4 - Alaskan 1
TOP OF THE 3RD
Baton Rouge Brass batting - Pitching for Alaskan Humpbacks : RHP Javier Montés
Batting: RHB Nick Boyd 0-0: Ball
1-0: Swinging Strike
1-1: Foul Ball, location: 2F
1-2: Ball
2-2: Ball
3-2: Foul Ball, location: 2F
3-2: Base on Balls
Batting: SHB Alex Warner 0-0: Ball
1-0: Foul Ball, location: 2F
1-1: Foul Ball, location: 2F
1-2: Ball
2-2: Foul Ball, location: 2F
2-2: Ball
3-2: Foul Ball, location: 2F
3-2: DOUBLE (Line Drive, 89M, EV 96.9 MPH)
Nick Boyd to third
Batting: SHB Charles Geudre 0-0: Called Strike
0-1: Foul Ball, location: 2F
0-2: Foul Ball, location: 2F
0-2: Foul Ball, location: 2F
0-2: Foul Ball, location: 2F
0-2: Foul Ball, location: 2F
0-2: Fly out, F8 (Flyball, 8RM, EV 87.5 MPH)
Runner from 3rd tags up, OUT at HOME! 8-2
Alex Warner to third
Batting: LHB Stephen Goldobenko 0-0: SINGLE (Line Drive, 89S, EV 95.0 MPH)
Alex Warner scores
Batting: RHB Jamy Geertsen 0-0: Ball
1-0: Ball
2-0: Ball
3-0: Called Strike
3-1: SINGLE (Groundball, 25, EV 64.4 MPH) (infield hit)
Stephen Goldobenko to second
Batting: RHB Tim O'Brian 0-0: Called Strike
0-1: Ball
1-1: Foul Ball, location: 2F
1-2: Ball
2-2: Foul Ball, location: 2F
2-2: Ball
3-2: Fly out, F8 (Flyball, 8LS, EV 97.5 MPH)
Top of the 3rd over - 1 run, 3 hits, 0 errors, 2 left on base; Baton Rouge 5 - Alaskan 1
BOTTOM OF THE 3RD
Alaskan Humpbacks batting - Pitching for Baton Rouge Brass : RHP Labeeb bin Muneer
Batting: RHB Kyuso Kouno 0-0: Ball
1-0: Ball
2-0: Called Strike
2-1: Fly out, F6 (Flyball, 56D, EV 85.0 MPH)
Batting: LHB Teng Xuefeng 0-0: Ball
1-0: Ball
2-0: Ball
3-0: Ground out U3 (Groundball, 34, EV 85.6 MPH)
Batting: LHB Marc Hayman 0-0: Ball
1-0: Ball
2-0: Swinging Strike
2-1: Swinging Strike
2-2: Strikes out swinging
Bottom of the 3rd over - 0 runs, 0 hits, 0 errors, 0 left on base; Baton Rouge 5 - Alaskan 1
TOP OF THE 4TH
Baton Rouge Brass batting - Pitching for Alaskan Humpbacks : RHP Javier Montés
Batting: RHB Travis Murphy 0-0: Foul Ball, location: 2F
0-1: Ball
1-1: Foul Ball, location: 2F
1-2: Ball
2-2: SINGLE (Groundball, 6MD, EV 96.2 MPH)
Pitching: RHP Ken Bates
Batting: RHB Emery Nelson 0-0: Ball
1-0: Called Strike
1-1: Ball
2-1: Called Strike
2-2: Ball
3-2: Strikes out swinging
Batting: LHB Dave Summers 0-0: Fielders Choice at 2nd, 1-6 (Groundball, P, EV 80.0 MPH)
Batting: RHB Nick Boyd 0-0: Called Strike
Dave Summers steals 2nd base
0-1: Ball
1-1: Called Strike
1-2: Ball
2-2: Strikes out swinging
Top of the 4th over - 0 runs, 1 hit, 0 errors, 1 left on base; Baton Rouge 5 - Alaskan 1
BOTTOM OF THE 4TH
Alaskan Humpbacks batting - Pitching for Baton Rouge Brass : RHP Labeeb bin Muneer
Batting: LHB Roberts Hamhock 0-0: Ball
1-0: Foul Ball, location: 2F
1-1: Ball
2-1: Foul Ball, location: 2F
2-2: Reached on error, E4 (Groundball, 4, EV 96.9 MPH)
Batting: LHB Carlos Castro 0-0: Called Strike
0-1: Ball
1-1: Single, Error in OF, E8, batter to second base (Groundball, 4D, EV 102.5 MPH)
Roberts Hamhock to third
Batting: RHB Yehonatan Chazan 0-0: Ball
1-0: Foul Ball, location: 2F
1-1: Ball
2-1: Foul Ball, location: 2F
2-2: Foul Ball, location: 2F
2-2: Ball
3-2: Foul Ball, location: 2F
3-2: Foul Ball, location: 2F
3-2: Ground out 6-3 (Groundball, 6, EV 98.1 MPH)
Roberts Hamhock scores
Batting: LHB Roberto Baca 0-0: TRIPLE (Flyball, 89XD, EV 96.2 MPH)
Carlos Castro scores
Batting: RHB Domingo Altamiraño 0-0: Foul Ball, location: 2F
0-1: Ground out 6-3 (Groundball, 56, EV 101.9 MPH)
Roberto Baca scores
Batting: RHB Bobby McFillin 0-0: Foul Ball, location: 2F
0-1: Ball
1-1: Called Strike
1-2: Strikes out swinging
Bottom of the 4th over - 3 runs, 2 hits, 2 errors, 0 left on base; Baton Rouge 5 - Alaskan 4
TOP OF THE 5TH
Baton Rouge Brass batting - Pitching for Alaskan Humpbacks : RHP Ken Bates
Batting: SHB Alex Warner 0-0: Foul Ball, location: 2F
0-1: Ground out 4-3 (Groundball, 4, EV 108.1 MPH)
Batting: SHB Charles Geudre 0-0: Swinging Strike
0-1: Ball
1-1: Called Strike
1-2: Foul Ball, location: 2F
1-2: Foul Ball, location: 2F
1-2: Foul Ball, location: 2F
1-2: Foul Ball, location: 2F
1-2: Ground out 6-3 (Groundball, 6, EV 86.2 MPH)
Batting: LHB Stephen Goldobenko 0-0: Ball
1-0: Ball
2-0: Ball
3-0: Base on Balls
Batting: RHB Jamy Geertsen 0-0: Called Strike
0-1: SINGLE (Line Drive, 78S, EV 106.2 MPH)
Stephen Goldobenko to second
Batting: RHB Tim O'Brian 0-0: Ball
1-0: Ball
2-0: Swinging Strike
2-1: Fly out, F8 (Flyball, 8RD, EV 103.1 MPH)
Top of the 5th over - 0 runs, 1 hit, 0 errors, 2 left on base; Baton Rouge 5 - Alaskan 4
BOTTOM OF THE 5TH
Alaskan Humpbacks batting - Pitching for Baton Rouge Brass : RHP Labeeb bin Muneer
Batting: RHB Kyuso Kouno 0-0: Called Strike
0-1: Hit by Pitch
Batting: LHB Teng Xuefeng 0-0: Called Strike
0-1: Ball
1-1: Fly out, F8 (Line Drive, 8RD, EV 88.8 MPH)
Batting: LHB Marc Hayman 0-0: Called Strike
0-1: Ball
1-1: Swinging Strike
1-2: Strikes out swinging
Batting: LHB Roberts Hamhock 0-0: Ball
1-0: Ball
2-0: Ball
3-0: Called Strike
3-1: Base on Balls
Kyuso Kouno to second
Batting: LHB Carlos Castro 0-0: Ball
1-0: Ball
2-0: Ball
3-0: Base on Balls
Kyuso Kouno to third
Roberts Hamhock to second
Batting: RHB Yehonatan Chazan 0-0: Called Strike
0-1: Called Strike
0-2: Ball
1-2: Foul Ball, location: 2F
1-2: Ball
2-2: Foul Ball, location: 2F
2-2: Ground out 1-3 (Groundball, 15, EV 85.6 MPH)
Bottom of the 5th over - 0 runs, 0 hits, 0 errors, 3 left on base; Baton Rouge 5 - Alaskan 4
TOP OF THE 6TH
Baton Rouge Brass batting - Pitching for Alaskan Humpbacks : RHP Ken Bates
Batting: RHB Travis Murphy 0-0: Called Strike
0-1: Ball
1-1: Swinging Strike
1-2: Strikes out swinging, 2-3 out at first.
Batting: RHB Emery Nelson 0-0: Ball
1-0: Fly out, F9 (Flyball, 9D, EV 90.0 MPH)
Batting: LHB Dave Summers 0-0: Called Strike
0-1: Swinging Strike
0-2: Ball
1-2: Strikes out swinging
Top of the 6th over - 0 runs, 0 hits, 0 errors, 0 left on base; Baton Rouge 5 - Alaskan 4
BOTTOM OF THE 6TH
Alaskan Humpbacks batting - Pitching for Baton Rouge Brass : RHP Labeeb bin Muneer
Batting: LHB Roberto Baca 0-0: Ball
1-0: Ball
2-0: Swinging Strike
2-1: Ground out 6-3 (Groundball, 6S, EV 86.2 MPH)
Batting: RHB Domingo Altamiraño 0-0: Called Strike
0-1: DOUBLE (Flyball, 78XD, EV 96.9 MPH)
Batting: RHB Bobby McFillin 0-0: Fly out, F8 (Flyball, 8RM, EV 80.6 MPH)
Runner from 2nd tags up, SAFE at 3rd with throw by CF
Batting: RHB Kyuso Kouno 0-0: Ball
Wild Pitch!
Domingo Altamiraño scores
1-0: Swinging Strike
1-1: Foul Ball, location: 2F
1-2: Foul Ball, location: 2F
1-2: Foul Ball, location: 2F
1-2: Foul Ball, location: 2F
1-2: Ball
2-2: Ball
3-2: Ground out 4-3 (Groundball, 4, EV 85.6 MPH)
Bottom of the 6th over - 1 run, 1 hit, 0 errors, 0 left on base; Baton Rouge 5 - Alaskan 5
TOP OF THE 7TH
Baton Rouge Brass batting - Pitching for Alaskan Humpbacks : RHP Ken Bates
Batting: RHB Nick Boyd 0-0: Ball
1-0: Foul Ball, location: 2F
1-1: Ground out 4-3 (Groundball, 4, EV 82.5 MPH)
Pitching: RHP King Kelly
Batting: SHB Alex Warner 0-0: Called Strike
0-1: Ball
1-1: Swinging Strike
1-2: Foul Ball, location: 2F
1-2: Strikes out swinging
Batting: SHB Charles Geudre 0-0: Ball
1-0: Swinging Strike
1-1: Ground out 2-3 (Groundball, 2L, EV 70.6 MPH)
Top of the 7th over - 0 runs, 0 hits, 0 errors, 0 left on base; Baton Rouge 5 - Alaskan 5
BOTTOM OF THE 7TH
Alaskan Humpbacks batting - Pitching for Baton Rouge Brass : RHP Labeeb bin Muneer
Pitching: LHP Travis Hayes
Batting: LHB Teng Xuefeng 0-0: Fly out, F9 (Flyball, 89M, EV 76.2 MPH)
Batting: LHB Marc Hayman 0-0: Fly out, F9 (Line Drive, 9, EV 100.6 MPH)
Batting: LHB Roberts Hamhock 0-0: Ball
1-0: Ball
2-0: Ball
3-0: Ground out 2-3 (Groundball, 13S, EV 68.8 MPH)
Bottom of the 7th over - 0 runs, 0 hits, 0 errors, 0 left on base; Baton Rouge 5 - Alaskan 5
TOP OF THE 8TH
Baton Rouge Brass batting - Pitching for Alaskan Humpbacks : RHP King Kelly
Batting: LHB Stephen Goldobenko 0-0: Ball
1-0: Foul Ball, location: 2F
1-1: SINGLE (Groundball, 3L, EV 83.1 MPH) (infield hit)
Batting: RHB Jamy Geertsen 0-0: Called Strike
0-1: Called Strike
0-2: Fly out, F8 (Flyball, 8LS, EV 91.9 MPH)
Batting: RHB Tim O'Brian 0-0: Called Strike
0-1: Called Strike
0-2: Fielders Choice at 2nd, 5-4 (Groundball, 56, EV 100.6 MPH)
Batting: RHB Travis Murphy 0-0: Called Strike
0-1: Ball
1-1: Foul Ball, location: 2F
1-2: Ball
2-2: Foul Ball, location: 2F
2-2: Foul Ball, location: 2F
2-2: SINGLE (Groundball, 34D, EV 109.4 MPH)
Tim O'Brian to second
Runner from 2nd tries for 3rd, SAFE, no throw by RF
Batting: RHB Emery Nelson 0-0: Ball
1-0: Called Strike
1-1: Ball
2-1: Ground out 1-3 (Groundball, 13, EV 91.9 MPH)
Top of the 8th over - 0 runs, 2 hits, 0 errors, 2 left on base; Baton Rouge 5 - Alaskan 5
BOTTOM OF THE 8TH
Alaskan Humpbacks batting - Pitching for Baton Rouge Brass : LHP Travis Hayes
Batting: LHB Carlos Castro 0-0: Called Strike
0-1: Foul Ball, location: 2F
0-2: Ball
1-2: Ball
2-2: Foul Ball, location: 2F
2-2: Fly out, F8 (Line Drive, 8LM, EV 100.0 MPH)
Batting: RHB Yehonatan Chazan 0-0: Called Strike
0-1: Called Strike
0-2: Ball
1-2: Strikes out swinging
Batting: LHB Roberto Baca 0-0: Ball
1-0: Ball
2-0: Foul Ball, location: 2F
2-1: Called Strike
2-2: Ball
3-2: Foul Ball, location: 2F
3-2: Ground out 6-3 (Groundball, 4MS, EV 87.5 MPH)
Bottom of the 8th over - 0 runs, 0 hits, 0 errors, 0 left on base; Baton Rouge 5 - Alaskan 5
TOP OF THE 9TH
Baton Rouge Brass batting - Pitching for Alaskan Humpbacks : RHP King Kelly
Batting: LHB Dave Summers 0-0: Foul Ball, location: 2F
0-1: Ball
1-1: Foul Ball, location: 2F
1-2: Ball
2-2: Ball
3-2: Foul Ball, location: 2F
3-2: Strikes out swinging
Batting: RHB Nick Boyd 0-0: Ball
1-0: Foul Ball, location: 2F
1-1: Swinging Strike
1-2: Fly out, F1 (Line Drive, P, EV 76.2 MPH)
Batting: SHB Alex Warner 0-0: Ball
1-0: Fly out, F2 (Popup, 3SF, EV 77.5 MPH)
Top of the 9th over - 0 runs, 0 hits, 0 errors, 0 left on base; Baton Rouge 5 - Alaskan 5
BOTTOM OF THE 9TH
Alaskan Humpbacks batting - Pitching for Baton Rouge Brass : LHP Travis Hayes
Pitching: RHP Tate Beason
Batting: RHB Domingo Altamiraño 0-0: Ball
1-0: Swinging Strike
1-1: Ball
2-1: Ball
3-1: Called Strike
3-2: Base on Balls
Pinch Hitting: LHB Pat Pending 0-0: Ball
Domingo Altamiraño is caught stealing 2nd base 2-6
1-0: Ground out 6-3 (Groundball, 6, EV 87.5 MPH)
Batting: RHB Kyuso Kouno 0-0: Ball
1-0: Called Strike
1-1: Called Strike
1-2: Ball
2-2: DOUBLE (Flyball, 8LXD, EV 89.4 MPH)
Batting: LHB Teng Xuefeng 0-0: Foul Ball, location: 2F
0-1: Fly out, F8 (Flyball, 8LM, EV 74.4 MPH)
Bottom of the 9th over - 0 runs, 1 hit, 0 errors, 1 left on base; Baton Rouge 5 - Alaskan 5
TOP OF THE 10TH
Baton Rouge Brass batting - Pitching for Alaskan Humpbacks : RHP King Kelly
Now at C: Kyle Goodbrand
Batting: SHB Charles Geudre 0-0: Called Strike
0-1: Foul Ball, location: 2F
0-2: Ball
1-2: Ground out 4-3 (Groundball, 4, EV 79.4 MPH)
Pitching: LHP Ricardo Ruíz
Pinch Hitting: RHB Tae-gyoon Ch'oe 0-0: Foul Ball, location: 2F
0-1: Ball
1-1: Foul Ball, location: 2F
1-2: Ball
2-2: Ball
3-2: Base on Balls
Batting: RHB Jamy Geertsen 0-0: Called Strike
0-1: Swinging Strike
0-2: Foul Ball, location: 2F
0-2: Foul Ball, location: 2F
0-2: Foul Ball, location: 2F
0-2: Foul Ball, location: 2F
0-2: Strikes out swinging
Batting: RHB Tim O'Brian 0-0: Ball
1-0: SINGLE (Line Drive, 8LS, EV 94.4 MPH)
Tae-gyoon Ch'oe to second
Runner from 2nd tries for 3rd, SAFE, throw by CF made to third
Batting: RHB Travis Murphy 0-0: Foul Ball, location: 2F
0-1: Fly out, F9 (Flyball, 89M, EV 90.6 MPH)
Top of the 10th over - 0 runs, 1 hit, 0 errors, 2 left on base; Baton Rouge 5 - Alaskan 5
BOTTOM OF THE 10TH
Alaskan Humpbacks batting - Pitching for Baton Rouge Brass : RHP Tate Beason
Now in CF: Weston Doyle
Batting: LHB Marc Hayman 0-0: Swinging Strike
0-1: Ball
1-1: Called Strike
1-2: Ball
2-2: Strikes out swinging
Batting: LHB Roberts Hamhock 0-0: Called Strike
0-1: SOLO HOME RUN (Flyball, 89XD, EV 111.2 MPH), Distance : 425 ft
Friday, March 26th, 2021 - OOTP Baseball 20.8 Build 74